 Dungeon Crawl Stone Soup version 0.26-a0-646-g5d7718319a (webtiles) character file.

Game seed: 18031623995630171586

59 Peloso the Shield-Bearer (level 3, 33/33 HPs)
             Began as a Minotaur Fighter on Sept 24, 2020.
             Got out of the dungeon alive.
             The game lasted 00:02:57 (1458 turns).

Peloso the Shield-Bearer (Minotaur Fighter)         Turns: 1458, Time: 00:02:58

Health: 33/33      AC:  7    Str: 17 (20) XL:     3   Next: 78%
Magic:  2/2        EV:  7    Int:  3 (5)  God:
Gold:   70         SH: 13    Dex:  7 (10) Spells: 2/2 levels left

rFire    . . .     SeeInvis .   a - +1 long sword
rCold    . . .     Faith    .   c - +0 kite shield
rNeg     . . .     Spirit   .   l - +0 scale mail
rPois    .         Reflect  .   (helmet restricted)
rElec    .         Harm     .   (no cloak)
rCorr    .         Rampage  .   (no gloves)
MR       .....                  (no boots)
Stlth    ..........             (no amulet)
HPRegen  0.11/turn              (no ring)
MPRegen  0.08/turn              (no ring)

@: no status effects
A: retaliatory headbutt, horns 2, large bone plates 1, evolution 1
a: no special abilities


You escaped.
You visited 1 branch of the dungeon, and saw 2 of its levels.

You collected 70 gold pieces.

Inventory:

Hand Weapons
 a - a +1 long sword (weapon)
Armour
 c - a +0 kite shield (worn)
 l - a +0 scale mail (worn)
Potions
 b - a potion of degeneration
 d - a potion of might
 e - a potion of heal wounds


   Skills:
 + Level 4.1 Fighting
 + Level 3.4 Long Blades
 + Level 4.0 Armour
 + Level 0.4 Dodging
 + Level 4.3 Shields


You had 2 spell levels left.
You didn't know any spells.
Your spell library was empty.

Dungeon Overview and Level Annotations

Branches:
Dungeon (2/15)

Altars:


Innate Abilities, Weirdness & Mutations

You reflexively headbutt those who attack you in melee.
You have a pair of horns on your head.
You are partially covered in large bone plates. (SH +4)
You evolve.


Message History

You kill the hobgoblin!
You see here a hobgoblin corpse.
Found a viscous black potion.
It was a potion of degeneration.
There was something very wrong with that liquid.
You feel weakened.
You feel dopey.
You feel clumsy.
(D) Dungeon
Where to? (Enter - D:12, ? - help)
What level of the Dungeon? (default 1, ? - help)
You see here a hobgoblin corpse.
You see here a frilled lizard corpse.
There is a stone staircase leading up here.
You climb upwards.
There is a stone staircase leading down here.
There is an open door here.
There is a fountain of clear blue water here.
There is an open door here.
There is a staircase leading out of the dungeon here.
Are you sure you want to leave the Dungeon?
This will make you lose the game!
You have escaped!

#.#.# #...# #........#.#.# #.#.#
#...# ########.#.#.#
#.#.######...########....#.#.#.##
#.#.##..##.⌠..........##.#.#....#
#.#.##..##............##.#.#..###
#.#.##..##..#########.##(..#..#
#.#.##..'...#########.........#
#.#.##..##..##.....##.#######.#
..#.##..##...'..@..##.#######.#
###.##..##..##.....##.........# #
#†######..#########.######### #
#.######..####### #.# #
#...............# #.# #
###############.# #.# # #.###.# #
#.....# # #######


There were no monsters in sight!

Vanquished Creatures
  3 adders (D:2)
  An ooze (D:2)
  A worm (D:2)
  A ball python (D:1)
  2 giant cockroaches
  2 goblins (D:1)
  A hobgoblin (D:2)
  5 kobolds
  6 bats
  A frilled lizard (D:2)
  4 rats (D:1)
27 creatures vanquished.

Notes
Turn   | Place    | Note
-------+----------+-------------------------------------------
     0 | D:1      | Peloso the Minotaur Fighter began the quest for the Orb.
     0 | D:1      | Reached XP level 1. HP: 19/19 MP: 0/0
   403 | D:1      | Reached XP level 2. HP: 27/27 MP: 1/1
  1104 | D:2      | Gained mutation: You evolve. [potion of mutation]
  1104 | D:2      | Gained mutation: You are partially covered in large bone
                  | plates. (SH +4) [potion of mutation]
  1115 | D:2      | Reached XP level 3. HP: 29/33 MP: 2/2
  1458 | D:$      | Got out of the dungeon alive.

Illustrated notes

Levels and vault maps discovered:
D:1:      dpeg_arrival_rooms_a, layout_basic
D:2:      layout_loops_ring, minmay_misc_feat_chi

Skill      XL: |  1  2 |
---------------+-------+-----
Armour         | 4 |  4.0
Shields        | 4 |  4.3
Fighting       | 4 |  4.1
Long Blades    | 3 |  3.4
Dodging        | |  0.4

Action                   || total
-------------------------++-------
Melee: Long sword        ||    75
       Headbutt          ||     8
  Use: Scroll            ||     5
       Potion            ||     2
Armor: Scale mail        ||    39
Dodge: Dodged            ||    25
Block: Kite shield       ||    61
       Rpst.: Long sword ||     6

Table legend: (Time is in decaauts)
 A = Elapsed time spent in this place.
 B = Non-inter-level travel time spent in this place.
 C = Inter-level travel time spent in this place.
 D = Time resting spent in this place.
 E = Time spent auto-exploring this place.
 F = Levels seen in this place.
 G = Mean time per level.
                   A        B        C        D        E       F      G
               +--------+--------+--------+--------+--------+-----+--------+
         Total |   1481 |   1375 |    106 |      0 |   1077 |   2 |  740.5 |
       Dungeon |   1481 |   1375 |    106 |      0 |   1077 |   2 |  740.5 |
               +--------+--------+--------+--------+--------+-----+--------+

Top non-repeatable levels by time:
     D:1: 1141 daAuts
     D:2: 340 daAuts
